 Dungeon Crawl Stone Soup version 0.24-a0-581-gc0fa660 (webtiles) character file.

Game seed: 8971682286883189154

44 HarryHood the Cudgeler (level 3, -6/46 HPs)
             Began as a Minotaur Berserker on Aug 24, 2019.
             Was a Follower of Trog.
             Mangled by Terence
             ... wielding a +2 falchion of holy wrath
              (8 damage)
             ... on level 2 of the Dungeon.
             The game lasted 00:03:14 (808 turns).

HarryHood the Cudgeler (Minotaur Berserker)          Turns: 808, Time: 00:03:15

Health: -6/46      AC:  3    Str: 26    XL:     3   Next: 41%
Magic:  2/2        EV: 12    Int:  4    God:    Trog [*.....]
Gold:   66         SH:  0    Dex: 10    Spells: 2/2 levels left

rFire    . . .     SeeInvis .   a - +0 mace
rCold    . . .     Gourm    .   (no shield)
rNeg     . . .     Faith    .   h - +0 leather armour
rPois    +         Spirit   .   (helmet restricted)
rElec    .         Reflect  .   (no cloak)
rCorr    .         Harm     .   (no gloves)
MR       .....                  (no boots)
Stlth    ..........             (no amulet)
HPRegen  0.15/turn              g - ring of poison resistance
MPRegen  0.08/turn              (no ring)

@: berserking, very quick
A: retaliatory headbutt, horns 2
a: Berserk, Renounce Religion


You were on level 2 of the Dungeon.
You worshipped Trog.
Trog was aware of your devotion.
You were hungry.

You visited 1 branch of the dungeon, and saw 2 of its levels.

You collected 66 gold pieces.

Inventory:

Hand Weapons
 a - a +0 mace (weapon)
Armour
 c - a +0 plate armour
 h - a +0 leather armour (worn)
Jewellery
 g - a ring of poison resistance (left hand)
Potions
 f - a potion of flight
Comestibles
 b - a chunk of flesh
 e - 2 rations {@e1}


   Skills:
 - Level 3.6 Fighting
 + Level 4.3 Maces & Flails
 * Level 4.1 Armour
 - Level 2.1 Dodging


You had 2 spell levels left.
You didn't know any spells.
Your spell library was empty.

Dungeon Overview and Level Annotations

Branches:
Dungeon (2/15)

Altars:

Annotations:
D:2 Terence


Innate Abilities, Weirdness & Mutations

You reflexively headbutt those who attack you in melee.
You have a pair of horns on your head.


Message History

You take 10 damage, and have 10/31 hp.
MASSIVE DAMAGE!!
You hit Terence but do no damage. You headbutt Terence, but do no damage.
Terence misses you.
You barely miss Terence.
Terence hits you with a +2 falchion of holy wrath.
* * * LOW HITPOINT WARNING * * *
Terence hits you with a +2 falchion of holy wrath.
* * * LOW HITPOINT WARNING * * *
You take 3 damage, and have 7/31 hp.
You closely miss Terence. Terence completely misses you.
You barely miss Terence. Terence closely misses you. x2
A red film seems to cover your vision as you go berserk!
You feel yourself moving faster!
You feel mighty!
You are feeling hungry.
Terence hits you with a +2 falchion of holy wrath!
* * * LOW HITPOINT WARNING * * *
You now have 2/46 hp.
You hit Terence. Your headbutt misses Terence.
Terence hits you with a +2 falchion of holy wrath!
You die...

.......#.## ##^ ##
#..##.....# #.. . #
...###.#..# #.# .##.#
..........# #.###....
####......#####.#.%!#
#..|......[##...###
.........#.....†....#
........##.....#@##...#
...[...###.#.#.#@# ##
.......# #.#...#.#
....... #.##..#.#
...... #.....#.# ...
#.......# ####h####


You could see Terence (berserk).

Vanquished Creatures
  An adder (D:2)
  An ooze (D:2)
  A dart slug (D:1)
  2 giant cockroaches (D:1)
  4 goblins
  3 hobgoblins (D:1)
  3 jackals (D:1)
  4 kobolds
  A quokka (D:2)
  3 bats
  3 rats (D:1)
26 creatures vanquished.

Notes
Turn   | Place    | Note
-------+----------+-------------------------------------------
     0 | D:1      | HarryHood the Minotaur Berserker began the quest for the
                  | Orb.
     0 | D:1      | Reached XP level 1. HP: 19/19 MP: 0/0
   260 | D:1      | Reached skill level 3 in Armour
   299 | D:1      | Reached XP level 2. HP: 26/26 MP: 1/1
   427 | D:1      | Reached skill level 4 in Maces & Flails
   731 | D:2      | Reached XP level 3. HP: 25/31 MP: 2/2
   793 | D:2      | Noticed Terence
   795 | D:2      | Reached skill level 4 in Armour
   807 | D:2      | HP: 2/46 [Terence/+2 falchion of holy wrath (9)]
   808 | D:2      | Mangled by Terence

Levels and vault maps discovered:
D:1:      evilmike_arrival_home_sweet_home, layout_basic
D:2:      layout_loops_cross, first_ration, minmay_pentomino_t2, uniq_terence

Skill      XL: |  1  2  3 |
---------------+----------+-----
Armour         | 3 4 |  4.1
Maces & Flails | 4 |  4.3
Fighting       | |  3.6
Dodging        | |  2.1

Action                   || total
-------------------------++-------
Melee: Mace              ||    51
       Headbutt          ||     9
Invok: Berserk           ||     1
  Use: Scroll            ||     1
Armor: Animal skin       ||     3
       Leather armour    ||     8
Dodge: Dodged            ||    32

Table legend:
 A = Non-vault XP
 B = Vault XP
 C = Vault XP percentage of total XP
 D = Non-vault monster count
 E = Vault monster count
 F = Vault count percentage of total count
                 A         B        C        D         E       F
            +---------+---------+-------+---------+---------+-------
      Total |      51 |      13 |  20.3 |      25 |       1 |   3.8
            +---------+---------+-------+---------+---------+-------
        D:1 |      33 |       0 |   0.0 |      18 |       0 |   0.0
        D:2 |      18 |      13 |  41.9 |       7 |       1 |  12.5
            +---------+---------+-------+---------+---------+-------
